AoeStats
← tarepo

Arena

508700719Analyzed
1v1 RM · 7d ago on Sep 23, 2026· 24m 14s· 2 players
Game mode
Random Map
Map size
Tiny (2 player)
Population
200
Speed
Normal
Resources
Standard
Victory
Conquest
Starting age
Dark Age
Ending age
Imperial Age
RankedLock teamsTeams togetherTeam positionsShared explorationLock speedFull tech treeHidden civsTurbo modeCheats
Victory
Defeat
🇧🇷 Bohemians · Brazil
325
+20
🇨🇭 Spanish · Switzerland
417
-20
Formigovisk
0:27 Loom
14:44 Feudal Age
17:58 Horse Collar
18:06 Double-Bit Axe
20:09 Wheelbarrow
22:35 Castle Age
tarepo
11:27 Feudal Age
16:25 Castle Age
14:37 Double-Bit Axe
15:11 Horse Collar
17:26 Bow Saw
17:43 Gold Mining
17:36 Pikeman
20:22 Stone Mining
21:39 Loom
22:32 Wheelbarrow
Connection lost

Rejoining the realm…

Still unreachable

The connection could not be restored.

Session expired

The server has moved on; the page needs a fresh start.